 Dungeon Crawl Stone Soup version 0.31-a0-848-gaac375c287 (webtiles) character file.

Game seed: 13084649939910992657

444 croobank the Insei (level 6, -6/50 HPs)
             Began as a Demigod Shapeshifter on Oct 4, 2023.
             Mangled by an ogre
             ... wielding a +0 giant club
              (32 damage)
             ... on level 4 of the Dungeon on Oct 5, 2023.
             The game lasted 00:12:13 (4243 turns).

croobank the Insei (Demigod Shapeshifter)           Turns: 4243, Time: 00:12:13

Health: -6/50      AC:  8    Str: 15    XL:     6   Next: 43%
Magic:  8/8        EV:  8    Int: 16    God:
Gold:   173        SH:  0    Dex: 17    Spells: 5/5 levels left

rFire   . . .        g - +1 short sword
rCold   + . .        (no shield)
rNeg    . . .        l - +0 chain mail "Uxtiuw" {Stlth+}
rPois   .            (helmet currently unavailable)
rElec   .            (cloak currently unavailable)
rCorr   .            (gloves currently unavailable)
SInv    .            (boots currently unavailable)
Will    .....        (no amulet) Stlth
                     r - ring of protection from cold
HPRegen 0.28/turn    (no ring)
MPRegen 0.11/turn

%: no passive effects
@: beast-form
A: beast (slay +2), high MP 1, forlorn, divine attributes
a: Begin Untransformation


You were on level 4 of the Dungeon.
You were a hulking beast.
You visited 1 branch of the dungeon, and saw 4 of its levels.
You also visited: Ossuary.

You collected 173 gold pieces.

Inventory:

Hand Weapons
 g - a +1 short sword (weapon)
Missiles
 e - 8 poisoned darts (quivered)
 q - 3 boomerangs
Armour
 a - a +0 animal skin
 h - a +0 helmet
 i - a +0 pair of gloves
 l - the +0 chain mail "Uxtiuw" (worn) {Stlth+}
   (You found it on level 2 of the Dungeon)

   Stlth+:    It makes you more stealthy.
 o - an orb of light
Jewellery
 r - a ring of protection from cold (left hand)
Talismans
 c - a beast talisman (active)
 d - a flux talisman
Scrolls
 f - 4 scrolls of teleportation
 t - 2 scrolls of immolation
 x - a scroll of amnesia {unknown}
Potions
 b - 3 potions of lignification
 j - a potion of resistance
 k - a potion of attraction {unknown}
 m - 2 potions of brilliance {unknown}
 n - a potion of curing {unknown}
 p - 2 potions of cancellation {unknown}
 s - a potion of mutation {unknown}
 u - a potion of berserk rage {unknown}
 v - a potion of might {unknown}
 w - a potion of heal wounds {unknown}


   Skills:
 + Level 2.9 Fighting
 + Level 2.2 Armour
 + Level 3.3 Dodging
 + Level 3.9 Unarmed Combat
 + Level 3.7 Shapeshifting


You had 5 spell levels left.
You didn't know any spells.
Your spell library contained the following spells:

 Spells                   Type           Power      Damage    Failure   Level
 Necrotise                Necr           0%         1d4       98%         1
 Inner Flame              Hex/Fire       0%         N/A       100%        3
 Vampiric Draining        Necr           0%         2d6       100%        3
 Agony                    Necr           0%         N/A       100%        5
 Yara's Violent Unravell  Hex/Tmut       0%         3d3       100%        5
 Enfeeble                 Hex            0%         N/A       100%        7


Dungeon Overview and Level Annotations

Branches:
Dungeon (4/15)            Ossuary (visited)
 Temple: D:4-7

Annotations:
D:3 2 transporters, MachoJfn's ghost, amateur DsVM


Innate Abilities, Weirdness & Mutations

You are a hulking beast.
Your limbs bulge with bestial killing power. (Slay +2)
You have an increased reservoir of magic. (+10% MP)
You shall have no god before yourself.
Your divine heritage dramatically boosts your attributes as you level up.


Message History

An ogre comes into view. It is wielding a +0 giant club.
The ogre shouts!
Throw: 11 darts (poison)
Press: ? - help, Q - select action, (/) - cycle Shift-Dir - straight line, f - ogre
Aim: an ogre, wielding a +0 giant club (76% to hit)
You throw a poisoned dart. The poisoned dart hits the ogre.
The ogre is poisoned.
Throw: 10 darts (poison)
Press: ? - help, Q - select action, (/) - cycle Shift-Dir - straight line, f/p - ogre
Aim: an ogre, wielding a +0 giant club (lightly wounded, poisoned, 75% to hit)
You throw a poisoned dart. The poisoned dart hits the ogre.
The ogre is lightly wounded.
Throw: 9 darts (poison)
Press: ? - help, Q - select action, (/) - cycle Shift-Dir - straight line, f/p - ogre
Aim: an ogre, wielding a +0 giant club (lightly wounded, poisoned, 75% to hit)
You throw a poisoned dart. The poisoned dart hits the ogre.
The ogre is lightly wounded.
The ogre attacks as it pursues you! The ogre hits you with a +0 giant club.
You hit the ogre but do no damage.
The ogre is lightly wounded.
The ogre barely misses you.
You completely miss the ogre.
The ogre is lightly wounded.
You barely miss the ogre.
The ogre is lightly wounded.
The ogre closely misses you.
You hit the ogre.
The ogre is moderately wounded.
The ogre closely misses you.
You puncture the ogre!
The ogre is severely wounded.
The ogre looks more healthy.
You hit the ogre.
The ogre is almost dead.
The ogre hits you with a +0 giant club!!
You hit the ogre.
The ogre is almost dead.
The ogre hits you with a +0 giant club!!
Ouch! That really hurt!
You die...

*,** #.....##.#.#..# *,,*
#.....##.#..... *#,*
##.......###..# ***#.####
####.........# *,,,,...#
#########.# *,*#,*#.####
########.#
*,*#.##....#####........#
*,*#.............######..
*,*####.h..####### #..
*,****#O#### #.#
#..((...# #.# #########
#.# ####.# #..... #.####
*,*### #,*#..


You could see an ogre.

Vanquished Creatures
  2 elf zombies (Ossuary)
  2 centaur zombies (Ossuary)
  A human zombie (Ossuary)
  A hound zombie (Ossuary)
  3 mummies (Ossuary)
  5 adders
  2 adder zombies (Ossuary)
  3 worms
  2 dart slugs
  4 orcs
  6 endoplasms
  5 giant cockroaches
  6 goblins
  7 hobgoblins
  4 jackals (D:1)
  5 kobolds
  2 quokkas (D:3)
  2 ball pythons
  6 bats
  3 frilled lizards
  2 gnoll zombies (Ossuary)
  4 goblin zombies (Ossuary)
  3 hobgoblin zombies (Ossuary)
  A jackal zombie (Ossuary)
  3 kobold zombies (Ossuary)
  An orc zombie (Ossuary)
  6 quokka zombies (Ossuary)
  5 rats
  8 rat zombies (Ossuary)
104 creatures vanquished.

Notes
Turn   | Place    | Note
-------+----------+-------------------------------------------
     0 | D:1      | croobank the Demigod Shapeshifter began the quest for the
                  | Orb.
     0 | D:1      | Reached XP level 1. HP: 15/15 MP: 3/3
    43 | D:1      | Reached skill level 1 in Fighting
   195 | D:1      | Reached XP level 2. HP: 20/23 MP: 4/4
   918 | D:2      | Reached XP level 3. HP: 18/28 MP: 5/5
   982 | D:2      | Identified the +0 chain mail "Uxtiuw" {Stlth+}
  1452 | D:2      | Reached XP level 4. HP: 36/36 MP: 6/6
  2203 | D:3      | Found a transporter.
  2204 | D:3      | Found a transporter.
  2630 | D:3      | Noticed MachoJfn's ghost (amateur DsVM)
  2743 | D:4      | Found a sand-covered staircase.
  2747 | Ossuary  | Entered an ossuary
  2767 | Ossuary  | Reached skill level 1 in Armour
  2895 | Ossuary  | Reached XP level 5. HP: 23/42 MP: 7/7
  3210 | Ossuary  | Reached XP level 6. HP: 22/50 MP: 8/8
  4243 | D:4      | Mangled by an ogre

Illustrated notes

Levels and vault maps discovered:
D:1:      saegor_arrival_simple_b, layout_basic
D:2:      layout_basic
D:3:      layout_loops_ring, gammafunk_ghost_gnarly_gnolls
D:4:      layout_loops_cross, lemuel_coloured_pillars_altar,
          kennysheep_mini_moat, enter_ossuary_5

Skill      XL: |  1  2  3  4  5  6 |
---------------+-------------------+-----
Fighting       | 1 2 |  2.9
Dodging        | 2 3 |  3.3
Unarmed Combat | 3 |  3.9
Shapeshifting  | 3 |  3.7
Armour         | 1 2 |  2.2

Action                     |  1- 3 |  4- 6 || total
---------------------------+-------+-------++-------
  Melee: Short sword       |   178 |   389 ||   567
         Unarmed           |    11 |       ||    11
         Punch             |     3 |    16 ||    19
  Throw: Dart              |       |     3 ||     3
    Use: Scroll            |       |     6 ||     6
 Armour: Animal skin       |    79 |       ||    79
         Chain mail        |    46 |   328 ||   374
  Dodge: Dodged            |   128 |   146 ||   274

Table legend: (Time is in decaauts)
 A = Elapsed time spent in this place.
 B = Non-inter-level travel time spent in this place.
 C = Inter-level travel time spent in this place.
 D = Time resting spent in this place.
 E = Time spent auto-exploring this place.
 F = Levels seen in this place.
 G = Mean time per level.
                   A        B        C        D        E       F      G
               +--------+--------+--------+--------+--------+-----+--------+
         Total |   4244 |   4082 |    162 |    805 |   1984 |   5 |  848.8 |
       Dungeon |   3210 |   3048 |    162 |    305 |   1984 |   4 |  802.5 |
       Ossuary |   1034 |   1034 |      0 |    500 |      0 |   1 | 1034.0 |
               +--------+--------+--------+--------+--------+-----+--------+

Top non-repeatable levels by time:
 Ossuary: 1034 daAuts
     D:2: 918 daAuts
     D:1: 908 daAuts
     D:3: 897 daAuts
     D:4: 486 daAuts
